 Dungeon Sprint DCSS version 0.27.1-33-g824d729ab1 (webtiles) character file.

Game seed: 3362780462190306219

9067 Adenis the Ninja (level 11, 0/43 HPs)
             Began as a Spriggan Brigand on Dec 6, 2021.
             Was an Elder of Trog.
             Killed from afar by a lindwurm (25 damage)
             ... with a blast of flame
             ... in the Dungeon (Sprint I: "Red Sonja").
             The game lasted 00:11:23 (3568 turns).

Adenis the Ninja (Spriggan Brigand)                 Turns: 3568, Time: 00:11:26

Health: 0/43       AC:  2    Str:  3      XL:     11   Next: 18%
Magic:  8/8        EV: 20    Int:  8      God:    Trog [****..]
Gold:   856        SH:  0    Dex: 14 (17) Spells: 10/10 levels left

rFire    . . .     SeeInvis +   n - +5 quick blade (vorpal)
rCold    . . .     Faith    .   (shield restricted)
rNeg     . . .     Spirit   .   b - +0 robe
rPois    .         Reflect  .   (helmet restricted)
rElec    .         Harm     .   c - +0 cloak
rCorr    .         Rampage  .   (gloves unavailable)
Will     +....     Rnd*Rage +   (boots unavailable) Stlth +++++++++.NoTele +
                                (no amulet)
HPRegen  0.00/turn              (no ring)
MPRegen  0.11/turn              (no ring)

@: unable to read, on berserk cooldown, inhibited regen, slowed, quick
A: very small, no large weapons, unfitting armour, see invisible, speed 3,
berserk 3, clumsy 2, deformed body, deterioration 2, dopey 2, frail 3, low mp 3,
screaming 2, inhibited regeneration, weak 2, no potion heal 2, subdued magic 3,
inability to read while threatened
a: Renounce Religion, Berserk, Trog's Hand, Brothers in Arms


You were in the Dungeon.
You worshipped Trog.
Trog was greatly pleased with you.
You visited 1 branch You collected 1238 gold pieces.
You spent 382 gold pieces at shops.

Inventory:

Hand Weapons
 a - a +2 dagger
 n - a +5 vorpal quick blade (weapon)
 o - a +0 vorpal rapier
Missiles
 d - 8 poisoned darts (quivered)
 e - 7 curare-tipped darts
 p - 3 atropa-tipped darts
Armour
 b - a +0 robe (worn)
 c - a +0 cloak (worn)
Scrolls
 k - 5 scrolls of blinking
 m - a scroll of fear {unknown}
Potions
 f - 5 potions of curing
 g - a potion of resistance {unknown}
 h - 2 potions of haste
 i - 2 potions of magic
 j - a potion of berserk rage
 l - a potion of attraction {unknown}


   Skills:
 + Level 9.0 Fighting
 + Level 14.6 Short Blades
 + Level 5.9 Throwing
 + Level 7.1 Dodging
 O Level 27 Stealth


You had 10 spell levels left.
You didn't know any spells.
Your spell library was empty.

Dungeon Overview and Level Annotations

Branches:
Dungeon (1/1)

Altars:
Cheibriados
Dithmenos
Elyvilon
Fedhas
Gozag
Hepliaklqana
Kikubaaqudgha
Makhleb
Nemelex Xobeh
Okawaru
Qazlal
Ru
Sif Muna
Trog
Uskayaw
Vehumet
Wu Jian
Xom
Yredelemnul
Zin
The Shining One
Jiyva
Lugonu

Shops:
D =[!!=[??!!*?*:!?*(=[?


Innate Abilities, Weirdness & Mutations

You are very small and have problems with some larger weapons.
You are too small for most types of armour.
You have supernaturally acute eyesight. (SInv)
You cover ground extremely quickly. (Speed+++)
You have an uncontrollable temper.
You are very clumsy. (Dex -4)
Armour fits poorly on your strangely shaped body.
Your body often deteriorates upon taking damage.
You are very dopey. (Int -4)
You are extremely frail. (-30% HP)
Your magical capacity is extremely low. (-30% MP)
You frequently scream uncontrollably at your foes.
You do not regenerate when monsters are visible.
You are very weak. (Str -4)
Potions cannot restore your health.
Your spells are much easier to cast, but much less powerful.
You sometimes lose the ability to read scrolls when taking damage.


Message History

The gargoyle is severely damaged.
You hit the gargoyle.
The gargoyle is almost destroyed.
You hit the gargoyle but do no damage.
The gargoyle is almost destroyed.
The gargoyle barely misses you.
You hit the gargoyle but do no damage.
The gargoyle is almost destroyed.
You hit the gargoyle.
You destroy the gargoyle!
Trog accepts your kill.
Trog will now gift you melee weapons as you gain piety.
You feel your intelligence returning.
Your Fighting skill increases to level 9!
Your Dodging skill increases to level 7!
Which direction?
You slam the door shut with a bang, pushing everything out of the way!
You hear a roar!
Found 27 gold pieces.
You feel a strong urge to attack something.
There is an open door here.
You now have 856 gold pieces (gained 27).
A lindwurm comes into view.
You scream at the lindwurm!
Found 27 gold pieces.
You feel your anger nearly subside.
You are no longer berserk.
You are exhausted.
You feel yourself slow down.
The lindwurm roars!
You see here 27 gold pieces.
You hit the lindwurm but do no damage. You barely miss the lindwurm.
The lindwurm bites you!
Your body deteriorates!
You feel clumsy. The lindwurm claws you. The lindwurm completely misses you.
Your ogre goes berserk!
Trog will no longer gift you weapons. The lindwurm breathes flames at you.
The blast of flame hits you!!
You feel threatened and lose the ability to read scrolls!
Ouch! That really hurt!
You die...

###################
..#__#..'...#[.#§§
..'..'..#...##'#k#
#'#__####...'..#@#
#.####§.#####.§§O#
#§#§§§§§#..##+####
_.§§≈§..'..#°°○
._#§§§§.#..#^°.9
#'##+#####'###○.○
#.#[)).###.'.#○☼^#
####'###.###.#^.##
.'.....'(∩##.#.^#


You could see a lindwurm (catching breath, ally target) and a friendly ogre
(summoned, berserk).

Vanquished Creatures
  Sonja (D)
  A deep troll (D)
  An oklob plant (D)
  8 shining eyes (D)
  A gargoyle (D)
  2 kobold demonologists (D)
  2 demonic crawlers (D)
  2 unseen horrors (D)
  A hornet (D)
  A slime creature (D)
  Sigmund (D)
  A yak (D)
  6 floating eyes (D)
  An ogre (D)
  2 necrophages (D)
  7 jellies (D)
  Ijyb (D)
  A ballistomycete spore (D)
40 creatures vanquished.

Vanquished Creatures (collateral kills)
  2 centaur warriors (D)
  2 redbacks (D)
  5 necrophages (D)
  A jelly (D)
10 creatures vanquished.

Vanquished Creatures (others)
  A gargoyle (D)
  4 hornets (D)
  A ballistomycete spore (D)
6 creatures vanquished.

Grand Total: 56 creatures vanquished

Notes
Turn   | Place    | Note
-------+----------+-------------------------------------------
     0 | D        | Adenis the Spriggan Brigand began the quest for the Orb.
     0 | D        | Reached XP level 1. HP: 10/10 MP: 2/2
     2 | D        | Noticed Ijyb
     5 | D        | Killed Ijyb
     6 | D        | Reached skill level 9 in Stealth
     6 | D        | Reached XP level 2. HP: 15/15 MP: 3/3
     8 | D        | Noticed an ogre
    11 | D        | Killed an ogre
    12 | D        | Reached skill level 13 in Stealth
    12 | D        | Reached XP level 3. HP: 19/19 MP: 4/4
    12 | D        | Reached XP level 4. HP: 23/23 MP: 5/5
    14 | D        | Noticed Sigmund
    38 | D        | Killed Sigmund
    39 | D        | Reached skill level 5 in Short Blades
    39 | D        | Reached skill level 15 in Stealth
    39 | D        | Reached XP level 5. HP: 17/28 MP: 6/6
    39 | D        | Reached XP level 6. HP: 19/32 MP: 7/7
   279 | D        | Found an ornate altar of the Wu Jian Council.
   279 | D        | Found a shimmering blue altar of Sif Muna.
   281 | D        | Found a radiant altar of Vehumet.
   286 | D        | Reached skill level 16 in Stealth
   290 | D        | Found Vaunotorch's Distillery.
   290 | D        | Found an ancient bone altar of Kikubaaqudgha.
   290 | D        | Found a hazy altar of Hepliaklqana.
   290 | D        | Found a stormy altar of Qazlal.
   290 | D        | Found a hide-covered altar of Uskayaw.
   290 | D        | Found a blossoming altar of Fedhas.
   290 | D        | Found a bloodstained altar of Trog.
   290 | D        | Found an iron altar of Okawaru.
   290 | D        | Found a basalt altar of Yredelemnul.
   290 | D        | Found a glowing golden altar of the Shining One.
   290 | D        | Found a snail-covered altar of Cheibriados.
   290 | D        | Found a sacrificial altar of Ru.
   290 | D        | Found a glowing silver altar of Zin.
   290 | D        | Found a shadowy altar of Dithmenos.
   290 | D        | Found a white marble altar of Elyvilon.
   290 | D        | Noticed a yak
   291 | D        | Found an opulent altar of Gozag.
   292 | D        | Killed a yak
   293 | D        | Reached skill level 17 in Stealth
   293 | D        | Found a sparkling altar of Nemelex Xobeh.
   298 | D        | Became a worshipper of Trog the Wrathful
   336 | D        | Noticed Sonja
   340 | D        | Killed Sonja
   341 | D        | Reached skill level 5 in Fighting
   341 | D        | Reached skill level 19 in Stealth
   341 | D        | Reached XP level 7. HP: 39/39 MP: 8/8
   341 | D        | Reached XP level 8. HP: 43/43 MP: 9/9
   358 | D        | Found Hybic's Jewellery Boutique.
   378 | D        | Noticed a deep troll
   382 | D        | Killed a deep troll
   382 | D        | Reached * piety under Trog
   383 | D        | Reached skill level 5 in Throwing
   383 | D        | Reached skill level 21 in Stealth
   392 | D        | Found Rugidgh's Armour Emporium.
   473 | D        | Noticed a shining eye
   473 | D        | Noticed a shining eye
   473 | D        | Noticed a shining eye
   473 | D        | Noticed a shining eye
   473 | D        | Noticed a shining eye
   473 | D        | Noticed a shining eye
   475 | D        | Gained mutation: You are frail. (-10% HP) [a shining eye]
   477 | D        | Noticed a shining eye
   477 | D        | Noticed a shining eye
   481 | D        | Killed a shining eye
   482 | D        | Reached skill level 10 in Short Blades
   482 | D        | Reached skill level 22 in Stealth
   482 | D        | Reached XP level 9. HP: 43/43 MP: 10/10
   482 | D        | Gained mutation: You tend to lose your temper in combat. [a
                  | shining eye]
   483 | D        | Killed a shining eye
   483 | D        | Reached ** piety under Trog
   485 | D        | Gained mutation: Armour fits poorly on your strangely
                  | shaped body. [a shining eye]
   489 | D        | Paralysed by a floating eye for 4 turns
   490 | D        | Gained mutation: You sometimes lose the ability to read
                  | scrolls when taking damage. [a shining eye]
   498 | D        | Reached skill level 23 in Stealth
   498 | D        | Gained mutation: Your magical capacity is low. (-10% MP) [a
                  | shining eye]
   500 | D        | Gained mutation: Your body sometimes deteriorates upon
                  | taking damage. [a shining eye]
   500 | D        | Gained mutation: You do not regenerate when monsters are
                  | visible. [a shining eye]
   503 | D        | Gained mutation: Your body often deteriorates upon taking
                  | damage. [a shining eye]
   507 | D        | Paralysed by a floating eye for 2 turns
   508 | D        | Gained mutation: You are weak. (Str -2) [a shining eye]
   510 | D        | Gained mutation: Your magical capacity is very low. (-20%
                  | MP) [a shining eye]
   513 | D        | Gained mutation: You often lose your temper in combat. [a
                  | shining eye]
   514 | D        | Paralysed by a floating eye for 3 turns
   515 | D        | Gained mutation: Your magical capacity is extremely low.
                  | (-30% MP) [a shining eye]
   516 | D        | Gained mutation: You are very weak. (Str -4) [a shining
                  | eye]
   517 | D        | Lost mutation: You do not regenerate when monsters are
                  | visible. [a shining eye]
   518 | D        | Gained mutation: Potions are less effective at restoring
                  | your health. [a shining eye]
   520 | D        | Gained mutation: You are very frail. (-20% HP) [a shining
                  | eye]
   523 | D        | Gained mutation: You have an uncontrollable temper. [a
                  | shining eye]
   530 | D        | Gained mutation: You are clumsy. (Dex -2) [a shining eye]
   534 | D        | Gained mutation: You are dopey. (Int -2) [a shining eye]
   536 | D        | Gained mutation: You occasionally shout uncontrollably at
                  | your foes. [a shining eye]
   536 | D        | Lost mutation: You are dopey. (Int -2) [a shining eye]
   540 | D        | Killed a shining eye
   543 | D        | Killed a shining eye
   543 | D        | Reached *** piety under Trog
   544 | D        | Reached skill level 24 in Stealth
   547 | D        | Gained mutation: Your spells are a little easier to cast,
                  | but a little less powerful. [a shining eye]
   551 | D        | Killed a shining eye
   559 | D        | Gained mutation: You frequently scream uncontrollably at
                  | your foes. [a shining eye]
   572 | D        | Gained mutation: You are very clumsy. (Dex -4) [a shining
                  | eye]
   574 | D        | Gained mutation: Your spells are easier to cast, but less
                  | powerful. [a shining eye]
   576 | D        | Gained mutation: You are extremely frail. (-30% HP) [a
                  | shining eye]
   581 | D        | Gained mutation: You are dopey. (Int -2) [a shining eye]
   585 | D        | Killed a shining eye
   586 | D        | Reached XP level 10. HP: 37/37 MP: 8/8
   604 | D        | Gained mutation: You do not regenerate when monsters are
                  | visible. [a shining eye]
   608 | D        | Paralysed by a floating eye for 3 turns
   608 | D        | Gained mutation: You are very dopey. (Int -4) [a shining
                  | eye]
   616 | D        | Gained mutation: Your spells are much easier to cast, but
                  | much less powerful. [a shining eye]
   618 | D        | Reached **** piety under Trog
   619 | D        | Reached skill level 25 in Stealth
   621 | D        | Gained mutation: Potions cannot restore your health. [a
                  | shining eye]
   633 | D        | Killed a shining eye
   641 | D        | Killed a shining eye
   647 | D        | Found Ziwkul's Jewellery Shop.
   647 | D        | Found Ucei's Antique Armour Shoppe.
   647 | D        | Found Diez's Armour Boutique.
   647 | D        | Found Sidwagy's Distillery.
   719 | D        | Found a burning altar of Makhleb.
   719 | D        | Found a viscous altar of Jiyva.
   719 | D        | Found a shimmering altar of Xom.
   719 | D        | Found a corrupted altar of Lugonu.
   742 | D        | Paralysed by a floating eye for 2 turns
   745 | D        | Noticed a rust devil
   750 | D        | Paralysed by a floating eye for 3 turns
   752 | D        | Noticed an orange demon
   759 | D        | Paralysed by a floating eye for 2 turns
   778 | D        | Paralysed by a floating eye for 4 turns
  1004 | D        | Reached ***** piety under Trog
  1191 | D        | Noticed a centaur warrior
  1193 | D        | Noticed a centaur warrior
  1201 | D        | Killed a centaur warrior
  1202 | D        | Reached skill level 5 in Dodging
  1202 | D        | Reached skill level 26 in Stealth
  1204 | D        | Killed a centaur warrior
  1695 | D        | Noticed an oklob plant
  1710 | D        | Killed an oklob plant
  1710 | D        | Received a gift from Trog
  2048 | D        | Paralysed by a floating eye for 2 turns
  2745 | D        | Received a gift from Trog
  2746 | D        | Reached XP level 11. HP: 42/42 MP: 8/8
  2785 | D        | Found Keax's Weapon Boutique.
  2785 | D        | Found Ramust's Magic Scroll Shoppe.
  2786 | D        | Found Detwoptogg's Jewellery Emporium.
  2786 | D        | Found Codoj's Distillery.
  2787 | D        | Found Vaafirra's Magic Scroll Shop.
  2788 | D        | Found Pishre's Magic Scroll Emporium.
  2802 | D        | Reached skill level 27 in Stealth
  2887 | D        | Found Enofyiha's Distillery.
  2887 | D        | Found Lecute's Assorted Antiques.
  2887 | D        | Found Erphaineic's Magic Scroll Shoppe.
  2887 | D        | Found Guxol's Assorted Antiques.
  2887 | D        | Found Qexkiaw's Book Emporium.
  2887 | D        | Found Ruecrej's Distillery.
  2887 | D        | Found Sialaetu's Magic Scroll Shoppe.
  2889 | D        | Bought a scroll of blinking for 105 gold pieces
  2890 | D        | Bought a scroll of blinking for 97 gold pieces
  2891 | D        | Found Zekk's Assorted Antiques.
  2898 | D        | Bought a scroll of blinking for 105 gold pieces
  2902 | D        | Bought a scroll of blinking for 75 gold pieces
  3565 | D        | Noticed a lindwurm
  3568 | D        | Killed from afar by a lindwurm

Illustrated notes

Levels and vault maps discovered:
D:        dungeon_sprint_1 [red_sonja_temple_1, red_sonja_temple_small_1]

Skill      XL: |  1  2  3  4  5  6  7  8  9 10 11 |
---------------+----------------------------------+-----
Fighting       | 2 3 5 6 8 9 |  9.0
Stealth        | 9 13 15 19 22 24 26 27 | 27.0
Short Blades   | 3 5 8 10 12 14 | 14.6
Throwing       | 3 4 5 |  5.9
Dodging        | 2 3 4 6 7 |  7.1

Action                   |  1- 3 |  4- 6 |  7- 9 | 10-12 || total
-------------------------+-------+-------+-------+-------++-------
Melee: Dagger            |     2 |    24 |    97 |    90 ||   213
       Quick blade       |       |       |       |    78 ||    78
Invok: Berserk           |       |       |       |     7 ||     7
       Brothers in Arms  |       |       |       |     6 ||     6
  Use: Potion            |       |     1 |       |       ||     1
 Stab: Sleeping          |     2 |     3 |     4 |     1 ||    10
       Distracted        |       |       |       |     1 ||     1
Armor: Robe              |       |       |       |     9 ||     9
Dodge: Dodged            |       |     8 |       |    49 ||    57
